 Dungeon Crawl Stone Soup version 0.21.1-1-g345015f (webtiles) character file.

8640 infcreate the Cleaver (level 11, -9/145 HPs)
             Began as a Minotaur Fighter on May 26, 2018.
             Was a Priest of the Shining One.
             Killed from afar by a lava snake (17 damage)
             ... with a glob of lava
             ... on level 11 of the Dungeon.
             The game lasted 00:43:21 (9477 turns).

infcreate the Cleaver (Minotaur Fighter)            Turns: 9477, Time: 00:43:22

Health: -9/145     AC: 21    Str: 29    XL:     11   Next: 12%
Magic:  7/10       EV:  8    Int:  5    God:    the Shining One [***...]
Gold:   542        SH: 19    Dex: 10    Spells: 10/10 levels left

rFire    + + .     SeeInvis .   a - +1 war axe
rCold    . . .     Gourm    .   c - +0 shield
rNeg     + + .     Faith    .   x - +5 chain mail of the Gloaming {rF+ rN+ Slay+2}
rPois    .         Spirit   .   (helmet restricted)
rElec    .         Reflect  .   (no cloak)
rCorr    .         Harm     .   q - +0 pair of gloves {archery}
MR       .....                  z - +2 pair of boots
Stlth    ..........             (no amulet)
HPRegen  0.34/turn              o - ring of protection from fire
MPRegen  0.12/turn              y - ring of flight

@: berserking (expiring), divine shield, flying, glowing, very quick
A: retaliatory headbutt, horns 2
a: Divine Shield, Renounce Religion


You were on level 11 of the Dungeon.
You worshipped the Shining One.
The Shining One was most pleased with you.
You were not hungry.

You visited 2 branches of the dungeon, and saw 12 of its levels.

You collected 542 gold pieces.

Inventory:

Hand Weapons
 a - a +1 war axe (weapon)
Armour
 c - a +0 shield (worn)
 q - a +0 pair of gloves of archery (worn)
 x - the +5 chain mail of the Gloaming (worn) {rF+ rN+ Slay+2}
   (You found it on level 7 of the Dungeon)

   It affects your accuracy and damage with ranged weapons and melee attacks
   (+2).
   It protects you from fire.
   It protects you from negative energy.
 z - a +2 pair of boots (worn)
Jewellery
 o - a ring of protection from fire (left hand)
 y - a ring of flight (right hand)
 G - an uncursed ring of ice {unknown}
Wands
 r - a wand of paralysis (6)
Scrolls
 b - a scroll of magic mapping {unknown}
 e - 2 scrolls of fog
 g - 2 scrolls of noise
 j - 2 scrolls of identify
 k - 7 scrolls of remove curse
 m - a scroll of enchant weapon
 p - a scroll of blinking
 u - 4 scrolls of teleportation {unknown}
 v - a scroll of brand weapon {unknown}
 w - a scroll of fear {unknown}
 B - a scroll of enchant armour {unknown}
Potions
 d - 2 potions of might
 h - 2 potions of berserk rage
 i - a potion of agility {unknown}
 l - 2 potions of lignification {unknown}
 n - 2 potions of brilliance {unknown}
 s - 4 potions of curing
 t - 3 potions of flight
 A - 2 potions of heal wounds {unknown}
 D - a potion of magic {unknown}
 E - 2 potions of resistance {unknown}
 F - a potion of mutation {unknown}
Comestibles
 f - 23 rations
 C - 2 chunks of flesh


   Skills:
 + Level 9.4 Fighting
 + Level 13.5 Axes
 + Level 9.5 Armour
 + Level 10.0 Shields
 + Level 0.5 Invocations


You had 10 spell levels left.
You didn't know any spells.

Dungeon Overview and Level Annotations

Branches:
Dungeon (11/15)            Temple (1/1) D:5            Lair (0/6) D:9
    Orc (0/2) D:10

Altars:
Ashenzari
Cheibriados
Dithmenos
Elyvilon
Fedhas
Gozag
Hepliaklqana
Kikubaaqudgha
Makhleb
Nemelex Xobeh
Okawaru
Qazlal
Ru
Sif Muna
Trog
Uskayaw
Vehumet
Wu Jian
Xom
Yredelemnul
Zin
The Shining One

Shops:
D:7 (


Innate Abilities, Weirdness & Mutations

You reflexively headbutt those who attack you in melee.
You have a pair of horns on your head.


Message History

The manticore is almost dead.
You barely miss the wyvern. The wyvern bites you.
* * * LOW HITPOINT WARNING * * *
You hit the manticore.
You kill the manticore!
Your Shields skill increases to level 10!
You completely miss the wyvern. You block the orc's attack.
You slice the wyvern!!
You kill the wyvern!
The lava snake spits lava at you. You block the glob of lava.
The orc hits you with a trident of protection.
* * * LOW HITPOINT WARNING * * *
Things that are here:
a whip; an orc corpse You slash the orc!
You kill the orc!
The lava snake spits lava at you. The glob of lava hits you!
You partially resist.
You die...

#.≈#≈≈≈≈#≈≈≈..# #
..≈≈≈#≈≈≈≈#≈..# #
...≈≈≈≈#≈≈≈≈..# #
##+#.≈#≈≈≈≈#≈≈≈.#
#
.....≈≈≈#≈≈≈§#≈.#
#
......≈≈≈≈#S≈≈≈.#
#
......≈#≈≈§≈...)#
#
....>.≈≈≈)...####
# ...$...@).####
## ......##### #.
..... #. .... #.
... #. .. #. . ##
#


You could see a lava snake.

Vanquished Creatures
  A centaur warrior (D:8)
  An unseen horror (D:11)
  An ugly thing (D:10)
  A manticore (D:11)
  A queen bee (D:9)
  A hornet (D:8)
  A troll (D:10)
  2 wyverns (D:11)
  A wraith (D:10)
  Grum (D:10)
  Eustachio (D:6)
  2 hungry ghosts
  A water moccasin (D:10)
  4 orc warriors
  An ice beast (D:6)
  4 sky beasts
  3 ogres
  2 black bears
  2 phantoms
  3 wolves (D:10)
  3 centaurs
  2 crocodiles (D:9)
  3 bullfrogs
  A wyvern zombie (D:9)
  2 scorpions
  15 killer bees (D:9)
  6 wights
  6 howler monkeys
  5 crimson imps
  2 bullfrog zombies
  A quasit (D:10)
  A centaur skeleton (D:8)
  A jelly (D:6)
  7 orc priests
  6 hounds
  8 orc wizards
  A bullfrog skeleton (D:4)
  Ijyb (D:3)
  Terence (D:2)
  2 iguanas
  8 worker ants
  2 hound skeletons
  A mummy (D:5)
  Robin (D:2)
  2 worker ant zombies
  6 adders
  A shadow imp (D:10)
  3 adder skeletons
  A worm (D:4)
  2 dart slugs
  A leopard gecko (D:3)
  44 orcs
  A ball python (D:3)
  7 giant cockroaches
  6 hobgoblins
  24 jackals
  7 kobolds
  6 quokkas
  8 bats
  6 frilled lizards
  14 goblins
  A jackal skeleton (D:5)
  A leopard gecko skeleton (D:4)
  8 rats
269 creatures vanquished.

Notes
Turn   | Place    | Note
-------+----------+-------------------------------------------
     0 | D:1      | infcreate the Minotaur Fighter began the quest for the Orb.
     0 | D:1      | Reached XP level 1. HP: 19/19 MP: 0/0
   284 | D:1      | Reached XP level 2. HP: 27/27 MP: 1/1
   831 | D:2      | Noticed Robin
   837 | D:2      | Reached XP level 3. HP: 32/33 MP: 2/2
   840 | D:2      | Reached skill level 3 in Axes
   866 | D:2      | Killed Robin
  1147 | D:2      | Noticed Terence
  1166 | D:2      | Killed Terence
  1166 | D:2      | Reached XP level 4. HP: 8/40 MP: 3/3
  1885 | D:3      | Reached skill level 4 in Axes
  2069 | D:3      | Reached XP level 5. HP: 37/47 MP: 4/4
  2327 | D:3      | Noticed Ijyb
  2339 | D:3      | Killed Ijyb
  2545 | D:4      | Reached skill level 5 in Axes
  2837 | D:4      | Found a stormy altar of Qazlal.
  2837 | D:4      | Found a sacrificial altar of Ru.
  2904 | D:4      | Reached skill level 5 in Shields
  2904 | D:4      | Reached XP level 6. HP: 11/53 MP: 5/5
  3224 | D:4      | Reached skill level 5 in Armour
  3547 | D:4      | Reached skill level 6 in Axes
  3696 | D:5      | Entered Level 5 of the Dungeon
  3761 | D:5      | Found a staircase to the Ecumenical Temple.
  3939 | D:5      | Found a radiant altar of Vehumet.
  3952 | D:5      | Reached skill level 5 in Fighting
  3971 | D:5      | Reached XP level 7. HP: 59/61 MP: 6/6
  4584 | Temple   | Entered the Ecumenical Temple
  4749 | Temple   | Became a worshipper of the Shining One
  5036 | D:6      | Reached skill level 7 in Axes
  5197 | D:6      | Reached XP level 8. HP: 48/69 MP: 7/7
  5360 | D:6      | Reached skill level 8 in Axes
  5473 | D:6      | Noticed Eustachio
  5481 | D:6      | Killed Eustachio
  5604 | D:7      | Reached * piety under the Shining One
  5620 | D:7      | Reached skill level 9 in Axes
  5905 | D:7      | Reached XP level 9. HP: 28/75 MP: 8/8
  6266 | D:7      | Reached skill level 10 in Axes
  6282 | D:7      | Reached ** piety under the Shining One
  6346 | D:7      | Got a distressingly furry chain mail
  6347 | D:7      | Identified the +5 chain mail of the Gloaming {rF+ rN+ Slay+2} (You found it on level 7 of the Dungeon)
  6721 | D:7      | Found Qygeen's Weapon Boutique.
  7469 | D:8      | Noticed a centaur warrior
  7476 | D:8      | Killed a centaur warrior
  7476 | D:8      | Reached skill level 11 in Axes
  7492 | D:8      | Reached XP level 10. HP: 81/88 MP: 9/9
  7880 | D:9      | Found an ancient bone altar of Kikubaaqudgha.
  7992 | D:9      | Found a burning altar of Makhleb.
  8051 | D:9      | Found a basalt altar of Yredelemnul.
  8051 | D:9      | Found a bloodstained altar of Trog.
  8112 | D:9      | Found a deep blue altar of Sif Muna.
  8209 | D:9      | Found a staircase to the Lair.
  8272 | D:9      | Reached skill level 12 in Axes
  8866 | D:10     | Entered Level 10 of the Dungeon
  8878 | D:10     | Reached *** piety under the Shining One
  8987 | D:10     | Identified the +0 ring mail "Boipsi" {Dex+6} (You found it on level 10 of the Dungeon)
  8997 | D:10     | Noticed a red ugly thing
  9012 | D:10     | Killed a red ugly thing
  9015 | D:10     | Found a staircase to the Orcish Mines.
  9302 | D:10     | Reached skill level 13 in Axes
  9307 | D:10     | Noticed Grum
  9313 | D:10     | Killed Grum
  9450 | D:11     | Found the +4 arc blade {discharge, rElec}
  9457 | D:11     | Noticed an unseen horror
  9457 | D:11     | Noticed a manticore
  9467 | D:11     | Killed an unseen horror
  9467 | D:11     | Reached XP level 11. HP: 28/97 MP: 6/10
  9473 | D:11     | Reached skill level 10 in Shields
  9477 | D:11     | Killed from afar by a lava snake

Skill      XL: |  1  2  3  4  5  6  7  8  9 10 11 |
---------------+----------------------------------+-----
Shields        | 4 5 6 7 8 9 10 | 10.0
Fighting       | 4 5 6 7 9 |  9.4
Armour         | 4 5 6 7 8 9 |  9.5
Axes           | 3 4 5 6 7 9 11 13 | 13.5
Invocations    | |  0.5

Action                   |  1- 3 |  4- 6 |  7- 9 | 10-12 || total
-------------------------+-------+-------+-------+-------++-------
Melee: War axe           |   112 |   172 |   245 |   181 ||   710
       Headbutt          |    16 |    21 |    45 |    35 ||   117
Invok: Divine Shield     |       |       |     1 |     1 ||     2
  Use: Scroll            |       |     7 |     1 |     1 ||     9
       Potion            |       |       |     1 |     2 ||     3
  Eat: Chunk             |     1 |     9 |     2 |     4 ||    16
       Ration            |       |       |     4 |     1 ||     5
Armor: Scale mail        |    49 |    87 |    52 |       ||   188
       Chain mail        |       |       |    28 |    77 ||   105
Dodge: Dodged            |    34 |    52 |    60 |    42 ||   188
Block: Shield            |    64 |    91 |   149 |   126 ||   430
